 Dungeon Crawl Stone Soup version 0.25.0-26-g0c896c7088 (webtiles) character file.

Game seed: 14931387215803787805

137 funkygono the Shield-Bearer (level 5, -7/46 HPs)
             Began as a Minotaur Fighter on July 4, 2020.
             Killed from afar by Ijyb (11 damage)
             ... with a bolt of acid
             ... on level 3 of the Dungeon.
             The game lasted 00:04:37 (2201 turns).

funkygono the Shield-Bearer (Minotaur Fighter)      Turns: 2201, Time: 00:04:38

Health: -7/46      AC:  9    Str: 22    XL:     5   Next: 0%
Magic:  4/4        EV: 10    Int:  5    God:
Gold:   139        SH: 11    Dex:  9    Spells: 4/4 levels left

rFire    . . .     SeeInvis .   a - +0 flail
rCold    . . .     Gourm    .   c - +1 kite shield
rNeg     . . .     Faith    .   p - +0 chain mail
rPois    .         Spirit   .   (helmet restricted)
rElec    .         Reflect  .   (no cloak)
rCorr    .         Harm     .   (no gloves)
MR       +....                  (no boots)
Stlth    ..........             (no amulet)
HPRegen  0.15/turn              r - +4 ring of evasion
MPRegen  0.09/turn              b - ring of protection from magic (curse)

@: no status effects
A: retaliatory headbutt, horns 2
a: no special abilities


You were on level 3 of the Dungeon.
You were not hungry.

You visited 1 branch of the dungeon, and saw 3 of its levels.

You collected 139 gold pieces.

Inventory:

Hand Weapons
 a - a +0 flail (weapon)
Missiles
 n - 67 stones (quivered)
Armour
 c - a +1 kite shield (worn)
 p - a +0 chain mail (worn)
Jewellery
 b - a cursed ring of protection from magic (right hand)
 k - an uncursed ring of ice
 l - an uncursed ring of fire
 r - a +4 ring of evasion (left hand)
Scrolls
 g - 2 scrolls of magic mapping
 h - 2 scrolls of remove curse
 o - a scroll of identify
Potions
 d - a potion of might
 e - a potion of mutation {unknown}
 j - a potion of flight
 m - 2 potions of brilliance
 q - 3 potions of stabbing
Comestibles
 f - 2 rations
 i - 12 chunks of flesh


   Skills:
 + Level 4.2 Fighting
 + Level 3.4 Maces & Flails
 + Level 4.8 Armour
 + Level 0.5 Dodging
 + Level 0.2 Stealth
 + Level 4.9 Shields


You had 4 spell levels left.
You didn't know any spells.
Your spell library was empty.

Dungeon Overview and Level Annotations

Branches:
Dungeon (3/15)

Altars:
Trog
Wu Jian

Annotations:
D:3 Ijyb


Innate Abilities, Weirdness & Mutations

You reflexively headbutt those who attack you in melee.
You have a pair of horns on your head.


Message History

Found a stone staircase leading down.
Ijyb the Twisted Goblin comes into view.
She is wielding a +0 dagger and carrying a wand of acid (9).
Ijyb shouts!
Your shield and chain mail prevent you from hitting Ijyb.
Ijyb screams, "Level is mine!
All mine!"
Ijyb zaps a wand.
The bolt of acid hits you.
You are splashed with acid!
Ijyb zaps a wand.
The bolt of acid hits you!
You are splashed with acid!
* * * LOW HITPOINT WARNING * * *
You hit Ijyb but do no damage. Ijyb closely misses you.
You thump Ijyb!
Ijyb is heavily wounded.
You block Ijyb's attack.
You closely miss Ijyb.
Ijyb is heavily wounded.
You block Ijyb's attack.
A rat comes into view.
You closely miss Ijyb.
Ijyb is heavily wounded.
Ijyb zaps a wand.
The bolt of acid hits you!
You die...

...#.##.##.##.#
.#.#.##.##.##.#
........##.##.#
##.#.#####.##.####
##.#.# #.......#
..)#..>....##.?..#
#.....#### #..#..#
#.....# #.###.#
......# #. #.@#
......# #.....g.#
..(...# #####.###
..).# #r ....# #.
....### . ......#
. ######## ......#
#### #......#
......### ..#
#.####.#####


You could see Ijyb and a rat.

Vanquished Creatures
  Terence (D:2)
  6 adders (D:2)
  A worm (D:2)
  3 leopard geckos
  An orc (D:3)
  2 ball pythons
  6 bats
  3 giant cockroaches
  8 hobgoblins
  8 kobolds
  A quokka (D:2)
  2 frilled lizards (D:3)
  6 goblins
  3 rats
51 creatures vanquished.

Notes
Turn   | Place    | Note
-------+----------+-------------------------------------------
     0 | D:1      | funkygono the Minotaur Fighter began the quest for the Orb.
     0 | D:1      | Reached XP level 1. HP: 19/19 MP: 0/0
   213 | D:1      | Reached XP level 2. HP: 27/27 MP: 1/1
   596 | D:2      | Reached XP level 3. HP: 33/33 MP: 2/2
   636 | D:2      | Noticed Terence
   645 | D:2      | Killed Terence
  1139 | D:2      | Reached XP level 4. HP: 12/40 MP: 3/3
  1677 | D:2      | Found a bloodstained altar of Trog.
  1677 | D:2      | Found an ornate altar of the Wu Jian Council.
  2181 | D:3      | Reached XP level 5. HP: 46/46 MP: 4/4
  2194 | D:3      | Noticed Ijyb
  2201 | D:3      | Killed from afar by Ijyb

Illustrated notes

Levels and vault maps discovered:
D:1:      dpeg_arrival_radiant, layout_rooms, item_on_display_a
D:2:      layout_basic, nicolae_overflow_hidden_temple, uniq_terence
D:3:      layout_loops_cross, lemuel_crystal_altar,
          cheibrodos_sewer_entry_drain, uniq_ijyb

Skill      XL: |  1  2  3 |
---------------+----------+-----
Armour         | 4 |  4.8
Fighting       | 4 |  4.2
Shields        | 4 |  4.9
Maces & Flails | 3 |  3.4
Dodging        | |  0.5
Stealth        | |  0.2

Action                   |  1- 3 |  4- 6 || total
-------------------------+-------+-------++-------
Melee: Flail             |    77 |    82 ||   159
       Headbutt          |    10 |    12 ||    22
  Use: Scroll            |     6 |     3 ||     9
  Eat: Chunk             |     1 |     3 ||     4
Armor: Scale mail        |    30 |       ||    30
       Chain mail        |    11 |    38 ||    49
Dodge: Dodged            |    21 |    23 ||    44
Block: Kite shield       |    49 |    44 ||    93
